Map: Acid Plant LE

Players

Kozzy - Winner!

  • Race: Protoss Protoss
  • League: Gold
  • Spawn Location: 11:00

Marc

  • Race: Protoss Protoss
  • League: Platinum
  • Spawn Location: 5:00

VOD

Have the link to the VOD?

Description

Time

  • Played on: April 4, 2018, 12:25 p.m.
  • Length: 11:18
Show
View Real Time Build Order
Export as new Build Order

Kozzy Protoss - Winner!

Build Orders:  

Get SALT Encoding   

  12  0:02  Probe  
  13  0:14  Probe  
  13  0:18  Pylon  
  14  0:26  Probe  
  15  0:38  Probe  
  15  0:39  Gateway  
  16  0:50  Probe  
  17  1:15  Probe (Chrono Boost)  
  18  1:24  Probe (Chrono Boost), Assimilator  
  19  1:29  Probe (Chrono Boost)  
  20  1:39  Cybernetics Core  
  20  1:59  Pylon  
  20  2:03  Pylon  
  20  2:21  Shield Battery  
  20  2:24  Stalker  
  20  2:26  Warp Gate  
  20  2:27  Forge  
  22  2:34  Gateway  
  22  2:45  Gateway  
  22  2:47  Pylon  
  22  2:48  Probe  
  23  2:54  Stalker  
  25  3:13  Pylon  
  25  3:23  Protoss Ground Weapons Level 1 (Chrono Boost)  
  25  3:44  Zealot x2  
  25  3:45  Zealot  
  25  3:48  Gateway  
  31  4:00  Photon Cannon  
  31  4:01  Shield Battery  
  31  4:10  Assimilator  
  31  4:24  Pylon  
  31  4:45  Photon Cannon  
  31  4:47  Shield Battery  
  31  4:56  Gateway  
  31  5:00  Pylon  
  31  5:01  Pylon  
  31  5:04  Zealot x2  
  31  5:05  Zealot  
  37  5:27  Gateway  
  37  5:37  Stalker x2  
  41  5:54  Stalker x2  
  45  6:08  Twilight Council  
  45  6:17  Stalker x2  
  49  6:27  Stalker  
  49  6:29  Stalker  
  49  6:30  Protoss Ground Weapons Level 2 (Chrono Boost)  
  53  6:39  Charge (Chrono Boost)  
  53  6:55  Stalker  
  55  7:29  Stalker x2  
  59  7:30  Stalker x2  
  63  7:38  Stalker  
  39  9:15  Stalker x2  
  39  9:16  Stalker x3, Robotics Facility  
  47  9:18  Pylon  
  45  9:51  Stalker  
  47  9:52  Stalker  
  47  9:53  Stalker x2  
  49  10:30  Stalker x3  
  49  10:31  Stalker x2  
  57  10:48  Photon Cannon  
  55  10:51  Pylon  
  55  10:56  Photon Cannon  
Show
View Real Time Build Order
Export as new Build Order

Marc Protoss 

Build Orders: 1 Gate Expand, Double Forge, Forge Fast Expand (FFE) 

Get SALT Encoding   

  12  0:10  Pylon  
  12  0:29  Forge  
  12  0:52  Pylon  
  12  0:58  Gateway  
  12  1:02  Assimilator  
  12  1:27  Probe  
  12  1:31  Assimilator  
  12  1:36  Nexus  
  12  1:43  Probe (Chrono Boost)  
  13  1:52  Probe (Chrono Boost)  
  14  2:01  Cybernetics Core  
  14  2:12  Pylon  
  14  2:22  Pylon  
  15  2:47  Probe (Chrono Boost)  
  15  2:49  Probe (Chrono Boost)  
  17  2:59  Probe (Chrono Boost)  
  17  3:24  Stargate  
  16  3:28  Probe  
  17  3:43  Pylon  
  17  3:45  Shield Battery  
  17  3:47  Probe  
  18  3:49  Stalker (Chrono Boost)  
  18  3:55  Probe  
  21  4:03  Probe  
  22  4:11  Probe, Assimilator  
  23  4:24  Oracle (Chrono Boost)  
  23  4:26  Shield Battery  
  26  4:32  Probe  
  27  4:48  Probe  
  27  4:49  Forge  
  28  5:01  Probe x2  
  30  5:09  Twilight Council  
  30  5:11  Zealot  
  32  5:23  Probe x2  
  34  5:37  Assimilator  
  34  5:40  Assimilator  
  34  5:44  Phoenix  
  34  5:45  Zealot  
  38  5:57  Dark Shrine  
  38  6:07  Charge  
  38  6:08  Probe  
  38  6:09  Probe  
  40  6:21  Probe, Zealot  
  41  6:27  Phoenix (Chrono Boost)  
  41  6:29  Probe  
  46  6:48  Phoenix  
  46  6:49  Pylon  
  46  6:50  Photon Cannon  
  46  6:54  Probe  
  46  6:55  Probe  
  46  6:56  Zealot (Chrono Boost)  
  52  7:06  Probe  
  52  7:07  Probe  
  54  7:10  Phoenix  
  54  7:13  Dark Templar (Chrono Boost)  
  56  7:23  Probe  
  56  7:24  Probe  
  58  7:31  Phoenix  
  58  7:33  Photon Cannon  
  58  7:36  Probe x2  
  62  7:46  Photon Cannon  
  62  7:56  Pylon  
  62  8:07  Phoenix  
  62  8:12  Dark Templar (Chrono Boost), Fleet Beacon  
  66  8:26  Photon Cannon  
  66  8:30  Pylon  
  36  9:22  Pylon  
  34  9:26  Photon Cannon  
  34  9:30  Nexus  
  34  9:46  Pylon  
  34  9:50  Pylon  
  34  9:52  Pylon  
  34  10:09  Photon Cannon  
  34  10:11  Photon Cannon  
  31  10:41  Pylon  
Tags
 
Add a new tag
Caveats
  • Supply blocks, unpowered buildings, or Contaminate may cause inaccurate times.
  • Supply counts are checked every 10 seconds.